 Dungeon Crawl Stone Soup version 0.30-a0-862-g1aabd4f9c5 (webtiles) character file.

Game seed: 17901609352784254638

74 Newt the Shooter (level 4, 0/30 HPs)
             Began as a Kobold Hunter on Mar 9, 2023.
             Succumbed to a water moccasin's poison
             ... on level 3 of the Dungeon.
             The game lasted 00:01:39 (2212 turns).

Newt the Shooter (Kobold Hunter)                    Turns: 2212, Time: 00:01:40

Health: 0/30       AC:  7    Str:  8    XL:     4   Next: 54%
Magic:  4/4        EV: 14    Int: 10    God:
Gold:   58         SH:  0    Dex: 20    Spells: 3/3 levels left

rFire   . . .      SeeInvis +    a - +0 shortbow
rCold   + . .      Faith    .    (shield currently unavailable)
rNeg    . . .      Spirit   .    c - +0 leather armour
rPois   .          Reflect  .    f - +2 helmet {SInv}
rElec   .          Rampage  .    (no cloak)
rCorr   .                        m - +0 pair of gloves
Will    .....                    (no boots)
Stlth   +++                      (no amulet)
HPRegen 0.25/turn                i - ring of protection from cold
MPRegen 0.09/turn                (no ring)

@: lethally poisoned (0 -> -7), hasted, very quick
A: small, no large weapons, nightstalker 3
a: no special abilities


You were on level 3 of the Dungeon.
You visited 1 branch of the dungeon, and saw 3 of its levels.

You collected 58 gold pieces.

Inventory:

Hand Weapons
 a - a +0 shortbow (weapon)
Armour
 c - a +0 leather armour (worn)
 f - a +2 helmet of see invisible (worn)
 m - a +0 pair of gloves (worn)
Jewellery
 i - a ring of protection from cold (left hand)
Wands
 g - a wand of charming (12)
Scrolls
 b - 2 scrolls of immolation
 e - a scroll of teleportation
 h - a scroll of enchant armour
 n - a scroll of poison
 o - 4 scrolls of identify
 p - a scroll of summoning {unknown}
Potions
 d - a potion of haste
 j - a potion of attraction {unknown}
 k - a potion of brilliance
 l - a potion of might


   Skills:
 + Level 4.9 Fighting
 - Level 5.3 Ranged Weapons
 - Level 2.4 Dodging
 - Level 1.3 Stealth


You had 3 spell levels left.
You didn't know any spells.
Your spell library contained the following spells:

 Spells                   Type           Power      Damage    Failure   Level
 Apportation              Tloc           0%         N/A       50%         1
 Alistair's Intoxication  Tmut/Pois      0%         N/A       100%        5


Dungeon Overview and Level Annotations

Branches:
Dungeon (3/15)

Altars:

Shops:
D:2 (


Innate Abilities, Weirdness & Mutations

You are small and have problems with some larger weapons.
You are completely attuned to the shadows.


Message History

The water moccasin bites you but does no damage.
You shoot an arrow.
The arrow closely misses the water moccasin.
The water moccasin bites you. The water moccasin closely misses you.
You shoot an arrow.
The arrow barely misses the water moccasin.
The water moccasin completely misses you. x2
You shoot an arrow.
The arrow barely misses the water moccasin.
The water moccasin barely misses you.
You shoot an arrow. The arrow misses the water moccasin.
The water moccasin bites you but does no damage. x2
You shoot an arrow. The arrow hits the water moccasin.
The water moccasin is heavily wounded.
The water moccasin bites you. x2
You shoot an arrow. The arrow hits the water moccasin.
The water moccasin is severely wounded.
The water moccasin bites you. The water moccasin barely misses you.
You are too injured to fight recklessly!
You are too injured to fight recklessly!
Unknown command.
You shoot an arrow.
The arrow closely misses the water moccasin.
The water moccasin bites you but does no damage.
Unknown command.
You shoot an arrow.
The arrow barely misses the water moccasin.
The water moccasin misses you. The water moccasin bites you.
You are poisoned.
The water moccasin poisons you!
Unknown command.
You shoot an arrow. The arrow misses the water moccasin.
* * * LOW HITPOINT WARNING * * *
You feel very sick.
The water moccasin bites you but does no damage.
The water moccasin bites you.
* * * LOW HITPOINT WARNING * * *
Unknown command.
It was a potion of haste.
You feel yourself speed up.
You die...

#.# #.# #.# #.#
#.# #.# #.# ##
####.########...
.........@S.'...
####.########...
#.# .. #.# . ...


You could see a water moccasin.

Vanquished Creatures
  2 adders (D:2)
  A worm (D:2)
  An orc (D:2)
  3 bats
  6 endoplasms
  3 giant cockroaches (D:1)
  4 goblins
  3 hobgoblins (D:2)
  13 jackals (D:2)
  A kobold (D:2)
  A quokka (D:2)
  2 ball pythons
  A frilled lizard (D:2)
  A rat (D:1)
42 creatures vanquished.

Notes
Turn   | Place    | Note
-------+----------+-------------------------------------------
     0 | D:1      | Newt the Kobold Hunter began the quest for the Orb.
     0 | D:1      | Reached XP level 1. HP: 12/12 MP: 1/1
   194 | D:1      | Reached XP level 2. HP: 18/18 MP: 2/2
   306 | D:1      | Found a faded altar of an unknown god.
   961 | D:2      | Found Moanki's Antique Weapon Boutique.
   971 | D:2      | Reached XP level 3. HP: 21/23 MP: 3/3
  1320 | D:2      | Reached XP level 4. HP: 30/30 MP: 4/4
  2190 | D:3      | Noticed a water moccasin
  2212 | D:3      | Succumbed to a water moccasin's poison

Illustrated notes

Levels and vault maps discovered:
D:1:      lightli_arrival_farm, layout_loops_ring,
          shapermc_ecumenical_altar_mp_urbaneastern
D:2:      layout_basic, serial_shops, shop, reono_crystal_passage,
          kennysheep_small_spiral, nicolae_concentric_dashed_squares_mild
D:3:      layout_basic, nzn_wu_jian_council_hall, serial_bayou_pond_a

Skill      XL: |  1  2  3 |
---------------+----------+-----
Fighting       | 3 4 |  4.9
Ranged Weapons | |  5.3
Dodging        | |  2.4
Stealth        | |  1.3

Action                     |  1- 3 |  4- 6 || total
---------------------------+-------+-------++-------
   Fire: Shortbow          |    62 |    66 ||   128
    Use: Scroll            |     6 |     1 ||     7
         Potion            |       |     1 ||     1
 Armour: Leather armour    |    10 |    32 ||    42
  Dodge: Dodged            |    22 |    55 ||    77

Table legend: (Time is in decaauts)
 A = Elapsed time spent in this place.
 B = Non-inter-level travel time spent in this place.
 C = Inter-level travel time spent in this place.
 D = Time resting spent in this place.
 E = Time spent auto-exploring this place.
 F = Levels seen in this place.
 G = Mean time per level.
                   A        B        C        D        E       F      G
               +--------+--------+--------+--------+--------+-----+--------+
         Total |   2272 |   2169 |    103 |      0 |   1905 |   3 |  757.3 |
       Dungeon |   2272 |   2169 |    103 |      0 |   1905 |   3 |  757.3 |
               +--------+--------+--------+--------+--------+-----+--------+

Top non-repeatable levels by time:
     D:2: 1228 daAuts
     D:1: 994 daAuts
     D:3: 49 daAuts
